 Dungeon Crawl Stone Soup version 0.31-a0-940-gdaa99269f9 (webtiles) character file.

Game seed: 11698867141620545172

77420 Dirtsage the Severer (level 15, -2/116 HPs)
             Began as a Demonspawn Fighter on Oct 20, 2023.
             Was a High Priest of Okawaru.
             Killed by mirror damage (11 damage)
             ... on level 14 of the Dungeon on Oct 21, 2023.
             The game lasted 00:48:45 (21992 turns).

Dirtsage the Severer (Demonspawn Fighter)          Turns: 21992, Time: 00:48:45

Health: -2/116     AC: 39    Str: 28    XL:     15   Next: 15%
Magic:  0/24       EV:  9    Int: 10    God:    Okawaru [*****.]
Gold:   1049       SH: 13    Dex: 14    Spells: 14/14 levels left

rFire   . . .        c - +9 broad axe (venom)
rCold   . . .        b - +0 kite shield
rNeg    . . .        S - +6 plate armour "Ufruesyv" {Slay+3}
rPois   .            (helmet unavailable)
rElec   .            s - scarf {+Inv}
rCorr   .            D - +0 pair of gloves {hurl}
SInv    .            E - +1 pair of boots {Fly}
Will    +....        m - amulet of guardian spirit Stlth
                     U - +4 ring of protection
HPRegen 0.39/turn    j - +6 ring of strength
MPRegen 0.19/turn

%: guardian spirit
@: lethally poisoned (-2 -> -4), heroic, sanguine armoured, flying
A: horns 3, (demonic guardian 1), ignite blood 2, sanguine armour 2, corrupting
presence 1
a: Renounce Religion, Evoke Invisibility, Heroism, Finesse, Duel


You were on level 14 of the Dungeon.
You worshipped Okawaru.
Okawaru was extremely pleased with you.
You visited 4 branches of the dungeon, and saw 23 of its levels.
You also visited: Bailey.

You collected 2920 gold pieces.
You spent 1871 gold pieces at shops.

Inventory:

Hand Weapons
 c - a +9 broad axe of venom (weapon)
 R - a +6 heavy broad axe
Missiles
 u - a throwing net
 K - 3 curare-tipped darts
 Z - 8 silver javelins
Armour
 b - a +0 kite shield (worn)
 s - a scarf of invisibility (worn)
 D - a +0 pair of gloves of hurling (worn)
 E - a +1 pair of boots of flying (worn)
 S - the +6 plate armour "Ufruesyv" (worn) {Slay+3}
   (You found it on level 9 of the Dungeon)

   Slay+3:    It affects your accuracy & damage with ranged weapons and melee
   (+3).
Jewellery
 f - a ring of flight
 j - a +6 ring of strength (right hand)
 m - an amulet of guardian spirit (around neck)
 C - a ring of resist corrosion
 F - a ring of protection from fire
 I - a ring of protection from cold
 N - a ring of positive energy
 O - a ring of fire
 Q - a ring of willpower
 U - a +4 ring of protection (left hand)
Wands
 p - a wand of iceblast (14)
 y - a wand of flame (94)
 J - a wand of light (12)
 Y - a wand of paralysis (3)
Scrolls
 a - a scroll of poison
 e - 5 scrolls of fog
 g - 3 scrolls of fear
 i - 3 scrolls of identify
 o - 4 scrolls of revelation
 r - 3 scrolls of immolation
 t - 9 scrolls of teleportation
 w - 2 scrolls of silence
 A - 2 scrolls of torment
 B - 7 scrolls of blinking
 P - 4 scrolls of enchant armour
 T - 3 scrolls of amnesia
Potions
 d - 3 potions of might
 h - 5 potions of haste
 k - a potion of magic
 l - 12 potions of heal wounds
 n - 5 potions of resistance
 q - 9 potions of curing
 v - 2 potions of attraction
 x - 2 potions of cancellation
 z - 3 potions of brilliance
 G - 2 potions of ambrosia
 H - 2 potions of mutation
 M - 2 potions of experience
 V - 3 potions of lignification
 X - 4 potions of enlightenment
Miscellaneous
 W - a phial of floods


   Skills:
 + Level 10.3(15.3) Fighting
 + Level 16.6(21.6) Axes
 + Level 3.1(8.1) Throwing
 + Level 9.3(14.3) Armour
 * Level 8.5(13.5) Shields
 - Level 13.0 Invocations
 - Level 7.4 Evocations


You had 14 spell levels left.
You didn't know any spells.
Your spell library contained the following spells:

 Spells                   Type           Power      Damage    Failure   Level
 Foxfire                  Conj/Fire      0%         2x1d4     98%         1
 Dazzling Flash           Conj/Hex       0%         N/A       100%        3
 Ozocubu's Armour         Ice            0%         N/A       100%        3
 Sigil of Binding         Hex            0%         N/A       100%        3
 Stone Arrow              Conj/Erth      0%         3d7       100%        3
 Dimensional Bullseye     Hex/Tloc       0%         N/A       100%        4
 Leda's Liquefaction      Hex/Erth       0%         N/A       100%        4
 Passage of Golubria      Tloc           0%         N/A       100%        4
 Vhi's Electric Charge    Tloc/Air       0%         N/A       100%        4
 Agony                    Necr           0%         N/A       100%        5
 Arcjolt                  Conj/Air       0%         1d10      100%        5
 Metabolic Englaciation   Hex/Ice        0%         N/A       100%        5
 Silence                  Hex/Air        0%         N/A       100%        5
 Plasma Beam              Fire/Air       0%         2x1d10    100%        6
 Ignition                 Fire           0%         3d3       100%        8
 Lehudib's Crystal Spear  Conj/Erth      0%         10d2      100%        8
 Call Canine Familiar     Summ           Unusable   N/A       N/A         3
 Animate Armour           Summ/Erth      Unusable   N/A       N/A         4
 Simulacrum               Ice/Necr       Unusable   N/A       N/A         6

Dungeon Overview and Level Annotations

Branches:
Dungeon (15/15)            Temple (1/1) D:6            Lair (5/5) D:10
 Shoals (0/4) Lair:3       Spider (0/4) Lair:2        Slime (0/5) Lair:4
    Orc (2/2) D:11            Elf (0/3) Orc:2        Vaults (0/5) D:13
 Bailey (visited)
 Depths: D:15

Altars:
Ashenzari
Cheibriados
Dithmenos
Fedhas
Gozag
Hepliaklqana
Kikubaaqudgha
Makhleb
Nemelex Xobeh
Okawaru
Qazlal
Ru
Sif Muna
Trog
Uskayaw
Vehumet
Wu Jian
Xom
Yredelemnul
Jiyva
Lugonu

Shops:
D:2 *:[*   D:3 [*!:   D:4 !   D:5 (   D:13 ?[*(   Orc:2 =![(

Portals:
Abyss: Lair:5

Annotations:
D:10 2 transporters, Tenar's ghost, journeyman TrFi


Innate Abilities, Weirdness & Mutations

You have a pair of large horns on your head.
((A weak demonic guardian rushes to your aid.))
Your demonic aura often causes spilled blood to erupt in flames.
When seriously injured, your blood forms thick armour. (AC +9)
Your presence sometimes corrodes those you injure.


Message History

You take 6 damage, and have 32/115 hp.
You now have 7/24 mp.
You slash the death knight!
You headbutt the death knight, but do no damage.
The death knight is moderately wounded.
You slash the skeletal warrior!
The death knight reflects your damage back at you!
* * * LOW HITPOINT WARNING * * *
You feel sick.
The death knight is engulfed in blazing flames.
Your corrupting presence corrodes the death knight!
You block the death knight's attack.
The death knight reflects your damage back at you!
* * * LOW HITPOINT WARNING * * *
You block the skeletal warrior's attack.
You take 7 damage, and have 25/115 hp.
You now have 6/24 mp.
You slash the death knight!
The death knight looks as sick as possible!
Your headbutt misses the death knight.
The death knight is moderately wounded.
You hit the phantasmal warrior but do no damage.
You slice the skeletal warrior!!
You destroy the skeletal warrior!
Okawaru accepts your kill.
The death knight reflects your damage back at you!
* * * LOW HITPOINT WARNING * * *
The death knight reflects your damage back at you!
* * * LOW HITPOINT WARNING * * *
The death knight is engulfed in blazing flames.
The death knight hits you but does no damage.
The death knight reflects your damage back at you!
* * * LOW HITPOINT WARNING * * *
You block the phantasmal warrior's attack.
You take 16 damage, and have 9/116 hp.
You now have 2/24 mp.
You slash the death knight!
The death knight looks as sick as possible!
You headbutt the death knight.
The death knight is almost dead.
You slash the phantasmal warrior!
The death knight reflects your damage back at you!
You die...

### ### ### ###
###.###.###.###.######
#..#.#.#.#.#.#.#.#...#
#..#.#.#.#.#.#.#.#...#
#.###.###.###.###.#..#
#...#######.#######.##
#......#........###.#
#......+......).....#
#......#......@######
#......#.....Wp#
###......#......○.
...#######......!.#
.#................#
.#......###########
.#......# .#......#
.######+#.


You could see a death knight (reflects damage, extremely poisoned, corroded) and
a phantasmal warrior.

Vanquished Creatures
  Jorgrun (D:13)
  Gastronok (Lair:3)
  Kirke (D:15)
  An orc warlord (Orc:2)
  An ogre mage (D:13)
  A catoblepas (D:13)
  6 centaur warriors
  2 hydras
  4 two-headed ogres
  2 boulder beetles (Lair:4)
  3 death yaks (Lair:5)
  2 orc high priests
  3 thrashing horrors (Lair:5)
  Urug (D:12)
  6 skeletal warriors
  2 skysharks (Lair:3)
  A deep troll (D:15)
  A phantasmal warrior (D:14)
  A necromancer (D:15)
  2 deep elf pyromancers
  An oklob plant (Lair:3)
  6 cyclopes
  2 ugly things (Lair:5)
  2 manticores
  18 elephants
  3 black mambas
  13 cane toads
  A smoke demon (Lair:5)
  A torpor snail (Lair:5)
  An unseen horror (shapeshifter) (Lair:5)
  A kobold demonologist (D:13)
  Jeremiah (D:7)
  5 yaktaurs (D:15)
  A freezing wraith (D:14)
  8 komodo dragons
  A tengu conjurer (D:15)
  4 rime drakes
  5 trolls
  An efreet (D:14)
  A polar bear (Lair:1)
  A hornet (D:8)
  A meliai (D:8)
  Grinder (D:6)
  A raiju (Lair:5)
  3 large abominations (Lair:5)
  25 blink frogs
  A centaur simulacrum (D:15)
  6 slime creatures (D:15)
  41 yaks
  5 wyverns
  2 vampires
  A ynoxinul (Lair:5)
  A spriggan (Lair:5)
  3 wraiths
  5 humans (D:15)
  Eustachio (D:6)
  3 chaos spawn (Lair:5)
  8 basilisks
  2 hogs (D:15)
  9 vampire mosquitoes
  4 wargs
  An acid dragon (shapeshifter) (D:13)
  2 acid dragons
  12 water moccasins
  2 sky beasts
  5 black bears
  29 orc warriors
  5 wolves
  4 ogres
  15 centaurs
  A phantom (D:5)
  8 small abominations (Lair:5)
  Blork the orc (D:4)
  10 kobold brigands
  7 bullfrogs
  3 scorpions
  A gnoll sergeant (D:9)
  3 wights (D:8)
  An electric eel (D:13)
  10 howler monkeys
  5 hounds
  2 gnoll boudas
  14 orc priests
  4 sleepcaps
  4 hell rats (Lair:5)
  4 iguanas
  25 orc wizards
  27 gnolls
  10 adders
  A shadow imp (D:8)
  2 ufetubi (D:6)
  2 dart slugs (D:1)
  119 orcs
  7 endoplasms
  3 giant cockroaches (D:1)
  7 goblins
  7 hobgoblins
  15 jackals
  54 kobolds
  2 quokkas
  6 ball pythons
  3 bats
  4 frilled lizards
  7 rats
696 creatures vanquished.

Notes
Turn   | Place    | Note
-------+----------+-------------------------------------------
     0 | D:1      | Dirtsage the Demonspawn Fighter began the quest for the
                  | Orb.
     0 | D:1      | Reached XP level 1. HP: 18/18 MP: 1/1
    19 | D:1      | Reached skill level 2 in Axes
   130 | D:1      | Gained mutation: When seriously injured, your blood forms
                  | armour. (AC +9) [demonic ancestry]
   130 | D:1      | Reached XP level 2. HP: 23/24 MP: 2/2
   183 | D:1      | Reached skill level 3 in Axes
   354 | D:1      | Gained mutation: Your demonic aura sometimes causes spilled
                  | blood to erupt in flames. [demonic ancestry]
   354 | D:1      | Reached XP level 3. HP: 29/29 MP: 3/3
   641 | D:2      | Found Piuliuff's Book Shop.
   678 | D:2      | Found Ypapti's General Store.
   709 | D:2      | Found Sideq's Armour Emporium.
   771 | D:2      | Found Zaur's General Store.
   779 | D:2      | Bought a scroll of teleportation for 33 gold pieces
  1208 | D:3      | Reached skill level 4 in Axes
  1208 | D:3      | Reached XP level 4. HP: 34/35 MP: 4/4
  1256 | D:3      | Reached skill level 5 in Axes
  1256 | D:3      | Reached XP level 5. HP: 20/41 MP: 1/5
  1619 | D:3      | Found Hitoaf's General Store.
  1713 | D:3      | Reached skill level 6 in Axes
  1713 | D:3      | Reached XP level 6. HP: 22/47 MP: 3/6
  2002 | D:3      | Bought a scroll of identify for 20 gold pieces
  2005 | D:3      | Found Rufeoxu's Distillery.
  2007 | D:3      | Found Qobas's Antique Armour Shop.
  2012 | D:3      | Found Vyestrops's Book Emporium.
  2505 | D:3      | Reached skill level 7 in Axes
  2531 | D:3      | Reached XP level 7. HP: 43/52 MP: 7/7
  2732 | D:4      | Found an opulent altar of Gozag.
  3147 | D:4      | Reached skill level 8 in Axes
  3176 | D:4      | Found an ornate altar of the Wu Jian Council.
  3254 | D:4      | Noticed Blork the orc
  3259 | D:4      | Killed Blork the orc
  3292 | D:4      | Found Adwaj's Distillery.
  3300 | D:4      | Bought a potion of curing for 42 gold pieces
  3404 | D:5      | Entered Level 5 of the Dungeon
  3404 | D:5      | Found a blossoming altar of Fedhas.
  3543 | D:5      | Gained mutation: You have a pair of small horns on your
                  | head. [demonic ancestry]
  3543 | D:5      | Reached XP level 8. HP: 58/58 MP: 8/8
  3681 | D:5      | Reached skill level 9 in Axes
  3908 | D:5      | Found Wuclun's Antique Weapon Emporium.
  4302 | D:6      | Noticed Grinder
  4307 | D:6      | Paralysed by Grinder for 3 turns
  4325 | D:6      | Paralysed by Grinder for 5 turns
  4330 | D:6      | Killed Grinder
  4331 | D:6      | Reached skill level 10 in Axes
  4677 | D:6      | Noticed Eustachio
  4687 | D:6      | Killed Eustachio
  4688 | D:6      | Gained mutation: When seriously injured, your blood forms
                  | thick armour. (AC +9) [demonic ancestry]
  4688 | D:6      | Reached XP level 9. HP: 57/63 MP: 7/9
  4690 | D:6      | Reached skill level 11 in Axes
  5185 | D:6      | Found a staircase to the Ecumenical Temple.
  5191 | Temple   | Entered the Ecumenical Temple
  5206 | Temple   | Became a worshipper of Warmaster Okawaru
  5623 | D:7      | Found a flagged portal.
  5636 | Bailey   | Entered a bailey
  5990 | Bailey   | Reached skill level 12 in Axes
  6222 | D:7      | Reached * piety under Okawaru
  6887 | D:7      | Noticed Jeremiah
  6900 | D:7      | Killed Jeremiah
  6901 | D:7      | Reached skill level 13 in Axes
  7317 | D:8      | Gained mutation: A weak demonic guardian rushes to your
                  | aid. [demonic ancestry]
  7317 | D:8      | Reached XP level 10. HP: 37/70 MP: 3/10
  7619 | D:8      | Reached ** piety under Okawaru
  7769 | D:8      | Reached skill level 14 in Axes
  8173 | D:8      | Found a sacrificial altar of Ru.
  8175 | D:8      | Found a sparkling altar of Nemelex Xobeh.
  8195 | D:8      | Found a bloodstained altar of Trog.
  8201 | D:8      | Found an ancient bone altar of Kikubaaqudgha.
  8644 | D:9      | Reached skill level 1 in Invocations
  8723 | D:9      | Noticed a two-headed ogre
  8729 | D:9      | Killed a two-headed ogre
  8755 | D:9      | Reached *** piety under Okawaru
  8826 | D:9      | Gained mutation: You have a pair of horns on your head.
                  | [demonic ancestry]
  8826 | D:9      | Reached XP level 11. HP: 22/77 MP: 5/14
  9167 | D:3      | Bought a scroll of acquirement for 520 gold pieces
  9167 | D:3      | Acquired 737 gold pieces
  9210 | D:2      | Bought a scroll of identify for 22 gold pieces
  9210 | D:2      | Bought a scroll of fear for 44 gold pieces
  9245 | D:3      | Bought a potion of curing for 33 gold pieces
  9245 | D:3      | Bought a potion of resistance for 110 gold pieces
  9245 | D:3      | Bought a potion of heal wounds for 55 gold pieces
  9245 | D:3      | Bought a potion of heal wounds for 55 gold pieces
  9345 | D:9      | Found a broken altar of Ashenzari.
  9403 | D:9      | Acquired a +1 vampiric battleaxe
  9541 | D:9      | Identified the +6 plate armour "Ufruesyv" {Slay+3}
  9669 | D:10     | Entered Level 10 of the Dungeon
  9676 | D:10     | Reached skill level 5 in Invocations
  9699 | D:10     | Reached **** piety under Okawaru
  9731 | D:10     | Found a staircase to the Lair.
  9755 | D:10     | Found a transporter.
  9774 | D:10     | Noticed Tenar's ghost (journeyman TrFi)
  9784 | D:10     | Found a transporter.
  9989 | D:10     | Noticed a two-headed ogre
  9995 | D:10     | Killed a two-headed ogre
 10160 | D:10     | Noticed a centaur warrior
 10172 | D:10     | Killed a centaur warrior
 10583 | D:11     | Reached skill level 5 in Fighting
 10838 | D:11     | Reached ***** piety under Okawaru
 11154 | D:11     | Found a staircase to the Orcish Mines.
 11213 | Lair:1   | Entered Level 1 of the Lair of Beasts
 11318 | Lair:1   | Reached skill level 5 in Armour
 11372 | Lair:1   | Received a gift from Okawaru
 11513 | Lair:1   | Reached skill level 1 in Evocations
 11689 | Lair:1   | Reached skill level 15 in Axes
 11693 | Lair:1   | Reached XP level 12. HP: 88/88 MP: 10/18
 12335 | Lair:2   | Found a hole to the Spider Nest.
 12456 | Lair:2   | Received a gift from Okawaru
 12457 | Lair:2   | Reached skill level 10 in Invocations
 13218 | Lair:3   | Received a gift from Okawaru
 13225 | Lair:3   | Reached ****** piety under Okawaru
 13238 | Lair:3   | Acquired a +5 broad axe of venom
 13238 | Lair:3   | Received a gift from Okawaru
 13239 | Lair:3   | Acquired a +0 pair of gloves of hurling
 13239 | Lair:3   | Received a gift from Okawaru
 13477 | Lair:3   | Gained mutation: Your presence sometimes corrodes those you
                  | injure. [demonic ancestry]
 13477 | Lair:3   | Reached XP level 13. HP: 71/97 MP: 19/21
 13628 | Lair:3   | Found a staircase to the Shoals.
 13637 | Lair:3   | Reached skill level 5 in Evocations
 13638 | Lair:3   | Received a gift from Okawaru
 14211 | Lair:3   | Noticed Gastronok
 14225 | Lair:3   | Killed Gastronok
 14226 | Lair:3   | Reached skill level 5 in Shields
 14562 | Lair:4   | Identified the "Ehenoti"
 14579 | Lair:4   | You are sucked into a shaft and drop 1 floor!
 14579 | Lair:5   | Entered Level 5 of the Lair of Beasts
 14597 | Lair:5   | Received a gift from Okawaru
 15144 | Lair:4   | Found a viscous altar of Jiyva.
 15148 | Lair:4   | Found a staircase to the Slime Pits.
 16031 | Lair:5   | Reached skill level 16 in Axes
 16090 | Lair:5   | Received a gift from Okawaru
 16309 | Lair:5   | Gained mutation: You have a pair of large horns on your
                  | head. [demonic ancestry]
 16309 | Lair:5   | Reached XP level 14. HP: 99/106 MP: 17/23
 16956 | Lair:5   | Found a corrupted altar of Lugonu.
 16956 | Lair:5   | Found a one-way gate to the infinite horrors of the Abyss.
 17390 | Orc:1    | Entered Level 1 of the Orcish Mines
 17404 | Orc:1    | Received a gift from Okawaru
 18058 | Orc:2    | Entered Level 2 of the Orcish Mines
 18199 | Orc:2    | Found Lohy's Jewellery Boutique.
 18553 | Orc:2    | Found a staircase to the Elven Halls.
 18607 | Orc:2    | Noticed an orc warlord
 18633 | Orc:2    | Killed an orc warlord
 18698 | Orc:2    | Found Ufudgh's Antique Armour Boutique.
 18700 | Orc:2    | Found Higem's Antique Weapon Shop.
 19216 | Orc:2    | Found Eviqugai's Distillery.
 19237 | Orc:2    | Bought a potion of haste for 110 gold pieces
 19237 | Orc:2    | Bought a potion of haste for 110 gold pieces
 19237 | Orc:2    | Bought a potion of cancellation for 88 gold pieces
 19747 | D:12     | Noticed Urug
 19752 | D:12     | Killed Urug
 20030 | D:12     | Received a gift from Okawaru
 20317 | D:13     | Identified the +6 trident of Fotzou {flame, Str+2 Dex+6
                  | Stlth-}
 20320 | D:13     | Found a gate to the Vaults.
 20442 | D:13     | Reached skill level 1 in Throwing
 20899 | D:13     | Found Iwna's Assorted Antiques.
 20902 | D:13     | Found Qygarecw's Weapon Shop.
 20903 | D:13     | Found Hoqichog's Armour Shop.
 20903 | D:13     | Found Sodeenk's Magic Scroll Emporium.
 20910 | D:13     | Bought a +2 heavy broad axe for 249 gold pieces
 20923 | D:13     | Reached skill level 10 in Fighting
 20939 | D:13     | Bought a scroll of enchant armour for 120 gold pieces
 20939 | D:13     | Bought a scroll of blinking for 120 gold pieces
 20943 | D:13     | Bought a knobbly diamond ring for 140 gold pieces
 20963 | D:13     | Noticed Jorgrun
 20971 | D:13     | Killed Jorgrun
 20971 | D:13     | Received a gift from Okawaru
 21518 | D:14     | You are sucked into a shaft and drop 1 floor!
 21518 | D:15     | Entered Level 15 of the Dungeon
 21698 | D:15     | Gained mutation: Your demonic aura often causes spilled
                  | blood to erupt in flames. [demonic ancestry]
 21698 | D:15     | Reached XP level 15. HP: 115/115 MP: 24/24
 21698 | D:15     | Noticed Kirke
 21703 | D:15     | Killed Kirke
 21815 | D:15     | Received a gift from Okawaru
 21992 | D:14     | Killed by mirror damage

Illustrated notes

Levels and vault maps discovered:
D:1:      lightli_arrival_statue_moat, layout_rooms, serial_park_tiny_pond
D:2:      layout_rooms, serial_shops, nicolae_shop_advertising_works
          [nicolae_subvault_shop_adworks], nicolae_shop_hallway_stairs,
          nicolae_shop_statue_plus, shop
D:3:      lemuel_castle_with_subvaults [lemuel_castle_interior_carwin_3],
          layout_rooms, serial_shops, shop, nicolae_shop_gibbet_a_chance, shop,
          shop
D:4:      layout_basic, nzn_wu_jian_contemplation, nicolae_gozag_seed_capital,
          serial_shops, nicolae_diamond_shop, uniq_blork_the_orc
D:5:      layout_basic, fedhas_altar_3, serial_shops,
          nicolae_shop_tiny_waterfront, dk_vineyard_3, kennysheep_nub
D:6:      layout_cave_pools, minmay_temple_entry_fiery, serial_co_window_serial,
          co_window_of_opportunity_a, co_window_corner_a, co_window_paths_a,
          co_window_of_opportunity_a, co_window_paths_b, co_window_paths_c,
          co_window_unsneaky_path_a, co_window_broadway_c,
          co_window_of_opportunity_c, co_window_of_opportunity_b,
          co_window_corner_ca, glass_columns_c, glass_columns_a,
          glass_columns_a, glass_columns_a, glass_columns_a, uniq_eustachio,
          uniq_grinder
D:7:      layout_basic, enter_bailey_3, uniq_jeremiah
D:8:      wad_arrow_thing, layout_basic, nicolae_overflow_macrodata_refinement,
          minivault_5, chequers_serial_rivers_large_b
D:9:      layout_cave_pools, mainiacjoe_overflow_brackets
D:10:     layout_roguey, minmay_lair_entry_grove, gammafunk_ghost_stat_death
D:11:     layout_grid_maze, orc_0_dummy
D:12:     layout_stronghold, uniq_urug
D:13:     layout_basic, david_vaults_2, chequers_avenue,
          nicolae_wooded_promenade, uniq_jorgrun
D:14:     layout_gridville, grunt_decor_resistance,
          hellmonk_guarded_unrand_vitality_bloodlust
D:15:     hangedman_depths_entry_civil_slaughter, layout_layer_cave,
          minmay_misc_feat_iff, grunt_ministairs_9, uniq_kirke
Temple:   eino_temple_water
Lair:1:   layout_gridlike, beast_lair_carwin_5, infiniplex_staircase_pool_2
Lair:2:   layout_regular_city, spider_nest_entry_web_field
Lair:3:   layout_loops_ring, minmay_shoals_entry_centaurs, lemuel_oklob_altar,
          grunt_megastairs_2, uniq_gastronok
Lair:4:   layout_roguey, dpeg_slime_entry_corner, hibernation_bobbens
Lair:5:   hellmonk_lair_end_abyssal_woods, layout_gridlike, lemuel_fruit_tree
Orc:1:    layout_diamond_mine, nicolae_orc_crystal_geode
Orc:2:    grunt_orc_community_town_hall, layout_caves,
          grunt_orc_community_big_house_1, grunt_orc_community_big_house_2,
          grunt_orc_community_house_2, grunt_orc_community_house_3,
          grunt_orc_community_house_1, grunt_orc_community_house_1,
          grunt_orc_community_house_1, grunt_orc_community_house_3, basic_altar

Skill      XL: |  1  2  3  4  5  6  7  8  9 10 11 12 13 14 15 |
---------------+----------------------------------------------+-----
Axes           | 2 3 4 5 6 7 8 10 13 14 15 16 | 16.6
Invocations    | 4 9 10 12 13 | 13.0
Armour         | 3 5 6 8 9 |  9.3
Shields        | 3 4 6 8 |  8.5
Fighting       | 4 6 7 8 10 | 10.3
Evocations     | 1 4 6 7 |  7.4
Throwing       | 2 3 |  3.1

Action                     |  1- 3 |  4- 6 |  7- 9 | 10-12 | 13-15 || total
---------------------------+-------+-------+-------+-------+-------++-------
  Melee: War axe           |   112 |   175 |   326 |   153 |       ||   766
         Headbutt          |       |       |    44 |   106 |   164 ||   314
         Battleaxe         |       |       |       |   281 |   553 ||   834
         Broad axe         |       |       |       |       |   155 ||   155
  Throw: Dart              |       |       |     2 |     1 |       ||     3
 Invoke: Heroism           |       |       |     1 |     1 |     8 ||    10
         Receive Weapon    |       |       |       |     1 |       ||     1
         Receive Armour    |       |       |       |     1 |       ||     1
         Finesse           |       |       |       |       |     1 ||     1
  Evoke: Wand              |       |       |     1 |       |       ||     1
    Use: Scroll            |       |     2 |     2 |    18 |    10 ||    32
         Potion            |       |       |       |     2 |       ||     2
   Stab: Distracted        |       |     1 |       |       |       ||     1
 Armour: Scale mail        |    73 |   110 |   143 |       |       ||   326
         Plate armour      |       |       |    98 |   475 |   791 ||  1364
  Dodge: Dodged            |    53 |    59 |    98 |   162 |   212 ||   584
  Block: Buckler           |    17 |    39 |    67 |    40 |       ||   163
         Kite shield       |       |       |       |       |    96 ||    96

Table legend: (Time is in decaauts)
 A = Elapsed time spent in this place.
 B = Non-inter-level travel time spent in this place.
 C = Inter-level travel time spent in this place.
 D = Time resting spent in this place.
 E = Time spent auto-exploring this place.
 F = Levels seen in this place.
 G = Mean time per level.
                   A        B        C        D        E       F      G
               +--------+--------+--------+--------+--------+-----+--------+
         Total |  21951 |  20639 |   1312 |    497 |  16314 |  24 |  914.6 |
       Dungeon |  13304 |  12618 |    686 |    226 |  10076 |  15 |  886.9 |
        Temple |     25 |     16 |      9 |      0 |      0 |   1 |   25.0 |
          Lair |   6088 |   5714 |    374 |    271 |   4503 |   5 | 1217.6 |
  Orcish Mines |   2001 |   1758 |    243 |      0 |   1426 |   2 | 1000.5 |
        Bailey |    532 |    532 |      0 |      0 |    309 |   1 |  532.0 |
               +--------+--------+--------+--------+--------+-----+--------+

Top non-repeatable levels by time:
  Lair:5: 1765 daAuts
     D:3: 1740 daAuts
     D:8: 1487 daAuts
  Lair:3: 1419 daAuts
   Orc:2: 1209 daAuts
     D:6: 1206 daAuts
    D:13: 1171 daAuts
     D:7: 1141 daAuts
  Lair:2: 1050 daAuts
  Lair:4: 940 daAuts
    D:11: 914 daAuts
  Lair:1: 912 daAuts
     D:5: 909 daAuts
    D:12: 809 daAuts
     D:9: 794 daAuts
